[Event "GambitGuide"]
[Site "Internet Chess Club"]
[Date "2014.10.31"]
[Round "1"]
[White "JSBach"]
[Black "leader1774"]
[Result "0-1"]
[ICCResult "White checkmated"]
[WhiteElo "1656"]
[BlackElo "1569"]
[Opening "Vienna: `Frankenstein-Dracula' variation"]
[ECO "C27"]
[NIC "VG.02"]
[Time "10:38:50"]
[TimeControl "120+12"]

1. e4 e5 2. Nc3 Nf6 3. Bc4 Nxe4 4. Qh5 Nd6 5. Bb3 Nc6 6. Nb5 g6 7. Qf3 f5 8.
Qd5 Qe7 9. Nxc7+ Kd8 10. Nxa8 b6 11. d3 Nd4 12. f4 Bg7 13. fxe5 Bxe5 14. Kd1
Bb7 15. Bg5 Bf6 16. Qxd4 Bxg5 17. Qxh8+ Ne8 18. Nxb6 axb6 19. Ne2 Qe3 20.
Qc3 Bxg2 21. Rg1 Bf3 22. Re1 Nc7 23. h3 Nb5 24. Qb4 Nd4 25. Qxb6+ Ke8 26.
Qb8+ Ke7 27. Qb4+ Kd8 28. Qf8+ Kc7 29. Qc5+ Kb8 30. Qb6+ Kc8 31. Qc5+ Kd8
32. Qb6+ Ke8 33. Qb8+ Ke7 34. Qb4+ Kf6 35. Qf8+ Ke5 36. Qb8+ Kf6 37. Qh8+
Ke7 38. Qxh7+ Kd8 39. Qg8+ Kc7 40. Qc4+ Kd8 41. Qg8+ Kc7 42. Qc4+ Kd8 43.
Qg8+ Kc7 44. Qc4+ Kb6 45. Qb4+ Kc6 46. Ba4+ Kd5 47. Qb7+ Ke6 48. Qxd7+ Kf6
49. Qd6+ Kg7 50. Qd7+ Kh6 51. Qg7+ Kxg7 52. h4 Bxe2+ 53. Rxe2 Qxe2#
{White checkmated}
0-1

[Event "GambitGuide"]
[Site "Internet Chess Club"]
[Date "2014.10.31"]
[Round "1"]
[White "JSBach"]
[Black "tactics321"]
[Result "1-0"]
[ICCResult "Black checkmated"]
[WhiteElo "1656"]
[BlackElo "1913"]
[Opening "Vienna: `Frankenstein-Dracula' variation"]
[ECO "C27"]
[NIC "VG.02"]
[Time "10:41:24"]
[TimeControl "120+12"]

1. e4 e5 2. Nc3 Nf6 3. Bc4 Nxe4 4. Qh5 Nd6 5. Bb3 Nc6 6. Nb5 g6 7. Qf3 f5 8.
Qd5 Qe7 9. Nxc7+ Kd8 10. Nxa8 b6 11. d3 Bb7 12. Nxb6 axb6 13. Qf3 Nd4 14.
Qg3 Kc7 15. Bg5 Qg7 16. Rc1 h6 17. Bd2 h5 18. f4 h4 19. Qf2 e4 20. Bc3 N6b5
21. Ne2 Nxc3 22. Nxd4 Nd5 23. Nb5+ Kb8 24. Bxd5 Bxd5 25. Qxb6+ Kc8 26. Na7#
{Black checkmated}
1-0

[Event "GambitGuide"]
[Site "Internet Chess Club"]
[Date "2014.10.31"]
[Round "1"]
[White "JSBach"]
[Black "Sunny2002"]
[Result "1-0"]
[ICCResult "Black checkmated"]
[WhiteElo "1656"]
[BlackElo "1164"]
[Opening "Vienna: `Frankenstein-Dracula' variation"]
[ECO "C27"]
[NIC "VG.02"]
[Time "10:39:21"]
[TimeControl "120+12"]

1. e4 e5 2. Nc3 Nf6 3. Bc4 Nxe4 4. Qh5 Nd6 5. Bb3 Nc6 6. Nb5 g6 7. Qf3 f5 8.
Qd5 Qe7 9. Nxc7+ Kd8 10. Nxa8 b6 11. d3 Bb7 12. Nxb6 axb6 13. Qf3 Nd4 14.
Qg3 f4 15. Qg4 Bh6 16. Ba4 b5 17. Bb3 Re8 18. Bd2 e4 19. Kf1 exd3 20. Ba5+
Kc8 21. cxd3 N6f5 22. Re1 Ne3+ 23. fxe3 fxe3 24. Qxd4 Rf8+ 25. Ke2 Qg5 26.
Rc1+ Kb8 27. Kd1 Qxg2 28. Qd6+ Ka8 29. Be1 Rf1 30. Rc8+ Ka7 31. Qc5+ Ka6 32.
Qa3+ Kb6 33. Qa5# {Black checkmated} 1-0

[Event "GambitGuide"]
[Site "Internet Chess Club"]
[Date "2014.10.31"]
[Round "1"]
[White "JSBach"]
[Black "GFranco"]
[Result "1-0"]
[ICCResult "Black resigns"]
[WhiteElo "1656"]
[BlackElo "1604"]
[Opening "Vienna: `Frankenstein-Dracula' variation"]
[ECO "C27"]
[NIC "VG.02"]
[Time "10:41:44"]
[TimeControl "120+12"]

1. e4 e5 2. Nc3 Nf6 3. Bc4 Nxe4 4. Qh5 Nd6 5. Bb3 Nc6 6. Nb5 g6 7. Qf3 f5 8.
Qd5 Qe7 9. Nxc7+ Kd8 10. Nxa8 b6 11. d3 Nb4 12. Bg5 Qxg5 13. Qxe5 Nf7 14.
Qc7+ Ke8 15. Qxc8+ Nd8 16. Nc7+ Ke7 17. g3 Bh6 18. Nf3 Qf6 19. Kd1 Qc6 20.
Re1+ Kf6 21. Nd4 {Black resigns} 1-0

[Event "GambitGuide"]
[Site "Internet Chess Club"]
[Date "2014.10.31"]
[Round "1"]
[White "JSBach"]
[Black "pokerram"]
[Result "1-0"]
[ICCResult "Black resigns"]
[WhiteElo "1656"]
[BlackElo "1341"]
[Opening "Vienna: `Frankenstein-Dracula' variation"]
[ECO "C27"]
[NIC "VG.02"]
[Time "10:41:47"]
[TimeControl "120+12"]

1. e4 e5 2. Nc3 Nf6 3. Bc4 Nxe4 4. Qh5 Nd6 5. Bb3 Nc6 6. Nb5 g6 7. Qf3 f5 8.
Qd5 Qe7 9. Nxc7+ Kd8 10. Nxa8 b6 11. d3 e4 12. dxe4 Nxe4 13. Be3 Bg7 14.
O-O-O Bb7 15. Bxb6+ axb6 16. Nxb6 Nc3 17. Qxd7+ Qxd7 18. Rxd7+ Ke8 19. Rxg7
{Black resigns}
1-0

[Event "GambitGuide"]
[Site "Internet Chess Club"]
[Date "2014.10.31"]
[Round "1"]
[White "JSBach"]
[Black "nsideurheadbro"]
[Result "1-0"]
[ICCResult "Black resigns"]
[WhiteElo "1656"]
[BlackElo "1184"]
[Opening "Vienna: `Frankenstein-Dracula' variation"]
[ECO "C27"]
[NIC "VG.02"]
[Time "10:43:00"]
[TimeControl "120+12"]

1. e4 e5 2. Nc3 Nf6 3. Bc4 Nxe4 4. Qh5 Nd6 5. Bb3 Nc6 6. Nb5 g6 7. Qf3 f5 8.
Qd5 Qe7 9. Nxc7+ Kd8 10. Nxa8 b6 11. d3 Bb7 12. Nxb6 Nd4 13. Bg5 {Black
resigns} 1-0

[Event "GambitGuide"]
[Site "Internet Chess Club"]
[Date "2014.10.31"]
[Round "1"]
[White "JSBach"]
[Black "random31415"]
[Result "0-1"]
[ICCResult "White checkmated"]
[WhiteElo "1656"]
[BlackElo "2040"]
[Opening "Vienna: `Frankenstein-Dracula' variation"]
[ECO "C27"]
[NIC "VG.02"]
[Time "10:41:30"]
[TimeControl "120+12"]

1. e4 e5 2. Nc3 Nf6 3. Bc4 Nxe4 4. Qh5 Nd6 5. Bb3 Nc6 6. Nb5 g6 7. Qf3 f5 8.
Qd5 Qe7 9. Nxc7+ Kd8 10. Nxa8 b6 11. d3 Bb7 12. Nxb6 axb6 13. Qf3 Nd4 14.
Qg3 f4 15. Qg4 e4 16. Bxf4 exd3+ 17. Kd1 dxc2+ 18. Bxc2 Nxc2 19. Kxc2 Qe4+
20. Kd1 Qxg2 21. Qxg2 Bxg2 22. Be5 Rg8 23. Bd4 Kc7 24. Rc1+ Kb7 25. Bxb6
Kxb6 26. a4 Bxh1 27. b4 Ne4 28. f3 Ng5 29. f4 Nf3 30. a5+ Kb5 31. Ke2 Nxg1+
32. Rxg1 Bc6 33. Rb1 Bxb4 34. a6 Ra8 35. f5 gxf5 36. Rf1 Rxa6 37. Rxf5+ Kc4
38. Rf4+ Kc3 39. Rf2 Ra2+ 40. Kf1 Rxf2+ 41. Kxf2 Kd4 42. h4 Ke4 43. Ke2 d5
44. h5 d4 45. Kf2 d3 46. Kf1 d2 47. Ke2 Bb5+ 48. Kd1 Ba4+ 49. Ke2 d1=Q+ 50.
Kf2 Qd2+ 51. Kg3 Bd6+ 52. Kh3 Bd7+ 53. Kh4 Qh2+ 54. Kg5 Qg3+ 55. Kf6 Be5+
56. Ke7 Qg7+ 57. Kd8 Bc6 58. Kc8 Qd7# {White checkmated} 0-1

[Event "GambitGuide"]
[Site "Internet Chess Club"]
[Date "2014.10.31"]
[Round "1"]
[White "JSBach"]
[Black "tactics321"]
[Result "1-0"]
[ICCResult "Black resigns"]
[WhiteElo "1656"]
[BlackElo "1913"]
[Opening "Vienna: `Frankenstein-Dracula' variation"]
[ECO "C27"]
[NIC "VG.02"]
[Time "10:43:32"]
[TimeControl "120+12"]

1. e4 e5 2. Nc3 Nf6 3. Bc4 Nxe4 4. Qh5 Nd6 5. Bb3 Nc6 6. Nb5 g6 7. Qf3 f5 8.
Qd5 Qe7 9. Nxc7+ Kd8 10. Nxa8 b6 11. d3 Bb7 12. Nxb6 axb6 13. Qf3 Nd4 14.
Qg3 f4 15. Qg4 N6f5 16. Ne2 Nxe2 17. Kxe2 Qf6 18. Ke1 h5 19. Qh3 g5 20. f3
Bc5 21. Kd1 Qg7 22. Qxf5 {Black resigns} 1-0

[Event "GambitGuide"]
[Site "Internet Chess Club"]
[Date "2014.10.31"]
[Round "1"]
[White "JSBach"]
[Black "Schalk"]
[Result "1-0"]
[ICCResult "Black checkmated"]
[WhiteElo "1656"]
[BlackElo "1639"]
[Opening "Vienna: `Frankenstein-Dracula' variation"]
[ECO "C27"]
[NIC "VG.02"]
[Time "10:43:12"]
[TimeControl "120+12"]

1. e4 e5 2. Nc3 Nf6 3. Bc4 Nxe4 4. Qh5 Nd6 5. Bb3 Nc6 6. Nb5 g6 7. Qf3 f5 8.
Qd5 Qe7 9. Nxc7+ Kd8 10. Nxa8 b6 11. d3 Nd4 12. f4 Nxb3 13. axb3 exf4+ 14.
Kf1 Bb7 15. Qd4 Bg7 16. Qxf4 Bxa8 17. Rxa7 Bc6 18. Be3 b5 19. Bc5 Be5 20.
Qb4 Re8 21. Qa5+ Kc8 22. Qc7# {Black checkmated} 1-0

[Event "GambitGuide"]
[Site "Internet Chess Club"]
[Date "2014.10.31"]
[Round "1"]
[White "JSBach"]
[Black "tactics321"]
[Result "1-0"]
[ICCResult "Black resigns"]
[WhiteElo "1656"]
[BlackElo "1913"]
[Opening "Vienna: `Frankenstein-Dracula' variation"]
[ECO "C27"]
[NIC "VG.02"]
[Time "10:44:13"]
[TimeControl "120+12"]

1. e4 e5 2. Nc3 Nf6 3. Bc4 Nxe4 4. Qh5 Nd6 5. Bb3 Nc6 6. Nb5 g6 7. Qf3 f5 8.
Qd5 Qe7 9. Nxc7+ Kd8 10. Nxa8 b6 11. d3 Bb7 12. Nxb6 axb6 13. Qf3 Nd4 14.
Qg3 f4 15. Qg4 e4 16. Kf1 exd3 17. cxd3 g5 18. h4 {Black resigns} 1-0

[Event "GambitGuide"]
[Site "Internet Chess Club"]
[Date "2014.10.31"]
[Round "1"]
[White "JSBach"]
[Black "fearlessone"]
[Result "1-0"]
[ICCResult "Black resigns"]
[WhiteElo "1656"]
[BlackElo "1812"]
[Opening "Vienna: `Frankenstein-Dracula' variation"]
[ECO "C27"]
[NIC "VG.02"]
[Time "10:42:15"]
[TimeControl "120+12"]

1. e4 e5 2. Nc3 Nf6 3. Bc4 Nxe4 4. Qh5 Nd6 5. Bb3 Nc6 6. Nb5 g6 7. Qf3 f5 8.
Qd5 Qe7 9. Nxc7+ Kd8 10. Nxa8 b6 11. d3 Bb7 12. Nxb6 axb6 13. Qf3 e4 14.
dxe4 Nxe4 15. Be3 g5 16. Qxf5 Bg7 17. Bxb6+ Kc8 18. O-O-O Rf8 19. Qb5 Qf6
20. Bc4 Nxf2 21. Bxf2 Qxf2 22. Qxg5 Nb4 23. Ne2 Qb6 24. Qxg7 {Black resigns}
1-0

[Event "GambitGuide"]
[Site "Internet Chess Club"]
[Date "2014.10.31"]
[Round "1"]
[White "JSBach"]
[Black "tactics321"]
[Result "0-1"]
[ICCResult "White checkmated"]
[WhiteElo "1656"]
[BlackElo "1913"]
[Opening "Vienna: `Frankenstein-Dracula' variation"]
[ECO "C27"]
[NIC "VG.02"]
[Time "10:44:37"]
[TimeControl "120+12"]

1. e4 e5 2. Nc3 Nf6 3. Bc4 Nxe4 4. Qh5 Nd6 5. Bb3 Nc6 6. Nb5 g6 7. Qf3 f5 8.
Qd5 Qe7 9. Nxc7+ Kd8 10. Nxa8 b6 11. d3 Bb7 12. Nxb6 axb6 13. Qf3 Nd4 14.
Qg3 f4 15. Qg4 N6f5 16. c3 Nxb3 17. axb3 Qf6 18. Ra7 Bc6 19. b4 h5 20. Qh3
g5 21. f3 Bg7 22. Ra6 Qg6 23. Rxb6 g4 24. fxg4 hxg4 25. Rb8+ Kc7 26. Qxh8
Bxh8 27. Rxh8 Bxg2 28. h3 Bxh1 29. hxg4 Qxg4 30. Rxh1 Qg2 31. Rh5 Qxg1+ 32.
Kd2 Qf2+ 33. Kd1 Ne3+ 34. Bxe3 Qxe3 35. Rg5 f3 36. Rxe5 Qxe5 37. d4 f2 38.
dxe5 f1=Q+ 39. Kc2 Qf5+ 40. Kd1 Qxe5 41. Kc1 Kc6 42. Kd2 Kb5 43. Kd3 Qd5+
44. Kc2 Kc4 45. Kb1 Qd2 46. Ka2 Qc2 47. Ka1 Kb3 48. b5 Qxb2# {White
checkmated} 0-1

[Event "GambitGuide"]
[Site "Internet Chess Club"]
[Date "2014.10.31"]
[Round "1"]
[White "JSBach"]
[Black "ericsfriend"]
[Result "1-0"]
[ICCResult "Black checkmated"]
[WhiteElo "1656"]
[BlackElo "1153"]
[Opening "Vienna: `Frankenstein-Dracula' variation"]
[ECO "C27"]
[NIC "VG.02"]
[Time "10:44:09"]
[TimeControl "120+12"]

1. e4 e5 2. Nc3 Nf6 3. Bc4 Nxe4 4. Qh5 Nd6 5. Bb3 Nc6 6. Nb5 g6 7. Qf3 f5 8.
Qd5 Qe7 9. Nxc7+ Kd8 10. Nxa8 b6 11. d3 Nb4 12. Qf3 e4 13. dxe4 Nxe4 14. Be3
Ba6 15. O-O-O Bg7 16. Re1 Nxc2 17. Kxc2 Qd6 18. Kb1 Bd3+ 19. Ka1 Qe5 20. Bc1
Re8 21. Qxd3 Qf6 22. Qc4 Nd2 23. Qc7# {Black checkmated} 1-0

[Event "GambitGuide"]
[Site "Internet Chess Club"]
[Date "2014.10.31"]
[Round "1"]
[White "JSBach"]
[Black "Schalk"]
[Result "0-1"]
[ICCResult "White checkmated"]
[WhiteElo "1656"]
[BlackElo "1639"]
[Opening "Vienna: `Frankenstein-Dracula' variation"]
[ECO "C27"]
[NIC "VG.02"]
[Time "10:44:12"]
[TimeControl "120+12"]

1. e4 e5 2. Nc3 Nf6 3. Bc4 Nxe4 4. Qh5 Nd6 5. Bb3 Nc6 6. Nb5 g6 7. Qf3 f5 8.
Qd5 Qe7 9. Nxc7+ Kd8 10. Nxa8 b6 11. d3 Bb7 12. Nxb6 axb6 13. Qf3 Nd4 14.
Qg3 f4 15. Qg4 Rg8 16. Ba4 h5 17. Qh3 g5 18. f3 g4 19. Qxh5 gxf3 20. Nxf3
Rxg2 21. Nxd4 exd4+ 22. Kd1 Nf5 23. Bxf4 Ne3+ 24. Bxe3 Qxe3 25. Qh4+ Kc7 26.
Qg3+ Rxg3 27. Bc6 Bxc6 28. c4 Bxh1 29. hxg3 Qxd3+ 30. Ke1 Bh6 31. Rd1 Qe3+
32. Kf1 Bf3 33. Re1 Qd3+ 34. Kf2 Be4 35. Re2 Be3+ 36. Rxe3 Qxe3+ 37. Kf1 Bf3
38. b3 Qe2+ 39. Kg1 Qg2# {White checkmated} 0-1

[Event "GambitGuide"]
[Site "Internet Chess Club"]
[Date "2014.10.31"]
[Round "1"]
[White "JSBach"]
[Black "ericsfriend"]
[Result "1-0"]
[ICCResult "Black checkmated"]
[WhiteElo "1656"]
[BlackElo "1153"]
[Opening "Vienna: `Frankenstein-Dracula' variation"]
[ECO "C27"]
[NIC "VG.02"]
[Time "10:46:59"]
[TimeControl "120+12"]

1. e4 e5 2. Nc3 Nf6 3. Bc4 Nxe4 4. Qh5 Nd6 5. Bb3 Nc6 6. Nb5 g6 7. Qf3 f5 8.
Qd5 Qe7 9. Nxc7+ Kd8 10. Nxa8 b6 11. d3 Nd4 12. f4 exf4+ 13. Kd1 Nxb3 14.
axb3 Bh6 15. Rxa7 Re8 16. Bd2 Nb5 17. Qxb5 f3 18. Qxb6# {Black checkmated}
1-0

[Event "GambitGuide"]
[Site "Internet Chess Club"]
[Date "2014.10.31"]
[Round "1"]
[White "JSBach"]
[Black "nsideurheadbro"]
[Result "1-0"]
[ICCResult "Black resigns"]
[WhiteElo "1656"]
[BlackElo "1184"]
[Opening "Vienna: `Frankenstein-Dracula' variation"]
[ECO "C27"]
[NIC "VG.02"]
[Time "10:43:43"]
[TimeControl "120+12"]

1. e4 e5 2. Nc3 Nf6 3. Bc4 Nxe4 4. Qh5 Nd6 5. Bb3 Nc6 6. Nb5 g6 7. Qf3 f5 8.
Qd5 Qe7 9. Nxc7+ Kd8 10. Nxa8 b6 11. d3 Bb7 12. Nxb6 axb6 13. Qf3 f4 14. Bd2
Bh6 15. Qh3 Nd4 16. Ba4 e4 17. Qxh6 exd3+ 18. Kf1 f3 19. gxf3 Nxf3 20. Bc3
Rf8 21. Nxf3 Rxf3 22. Re1 Qf7 23. Bd4 d2 24. Bxb6+ Kc8 25. Qxd2 Ne4 26. Qe2
Qf6 27. Qc4+ Kb8 28. Rxe4 Qxb6 29. Qd4 Qa6+ 30. Re2 Rf5 31. Rg1 Rd5 32. Qf4+
Ka7 33. Qe3+ Ka8 34. Qe8+ Ka7 35. c4 Rd1+ 36. Bxd1 {Black resigns} 1-0

[Event "GambitGuide"]
[Site "Internet Chess Club"]
[Date "2014.10.31"]
[Round "1"]
[White "JSBach"]
[Black "Schalk"]
[Result "1-0"]
[ICCResult "Black resigns"]
[WhiteElo "1656"]
[BlackElo "1639"]
[Opening "Vienna: `Frankenstein-Dracula' variation"]
[ECO "C27"]
[NIC "VG.02"]
[Time "10:46:38"]
[TimeControl "120+12"]

1. e4 e5 2. Nc3 Nf6 3. Bc4 Nxe4 4. Qh5 Nd6 5. Bb3 Nc6 6. Nb5 g6 7. Qf3 f5 8.
Qd5 Qe7 9. Nxc7+ Kd8 10. Nxa8 b6 11. d3 Bb7 12. Nxb6 axb6 13. Qf3 Nd4 14.
Qg3 f4 15. Qg4 Nxb3 16. axb3 Rg8 17. b4 h5 18. Qh3 g5 19. f3 g4 20. Qxh5
gxf3 21. gxf3 Nb5 22. Bd2 Nd4 23. O-O-O d6 24. Re1 Kc8 25. Bxf4 Qd7 26. Be3
Qa4 27. Bxd4 exd4 28. Re8+ Kc7 29. Qf7+ Kc6 30. b5+ Kxb5 31. Qxg8 Qa1+ 32.
Kd2 Bh6+ 33. Ke2 Qxb2 34. Qc4+ Ka5 35. Rb8 Qc1 36. Qa2+ Kb5 37. Qb3+ Kc6 38.
Qc4+ Kd7 39. Rxb7+ {Black resigns} 1-0

[Event "GambitGuide"]
[Site "Internet Chess Club"]
[Date "2014.10.31"]
[Round "1"]
[White "JSBach"]
[Black "FatMaHa"]
[Result "1-0"]
[ICCResult "Black resigns"]
[WhiteElo "1656"]
[BlackElo "1833"]
[Opening "Vienna: `Frankenstein-Dracula' variation"]
[ECO "C27"]
[NIC "VG.02"]
[Time "10:47:40"]
[TimeControl "120+12"]

1. e4 e5 2. Nc3 Nf6 3. Bc4 Nxe4 4. Qh5 Nd6 5. Bb3 Nc6 6. Nb5 g6 7. Qf3 f5 8.
Qd5 Qe7 9. Nxc7+ Kd8 10. Nxa8 b6 11. d3 Bb7 12. Nxb6 axb6 13. Qf3 e4 14. Qe3
exd3 15. cxd3 Qxe3+ 16. Bxe3 Nb5 17. Bxb6+ Kc8 18. Rc1 Kb8 19. Bc4 Nbd4 20.
a3 f4 21. Nh3 Bd6 22. Ng5 Re8+ 23. Kf1 h6 24. Ne4 Bc7 25. Nf6 Re7 26. Bxc7+
Kxc7 27. Nd5+ Kd6 28. Nxe7 Kxe7 29. b4 Nb3 30. Bxb3 {Black resigns} 1-0

[Event "GambitGuide"]
[Site "Internet Chess Club"]
[Date "2014.10.31"]
[Round "1"]
[White "JSBach"]
[Black "fearlessone"]
[Result "1-0"]
[ICCResult "Black resigns"]
[WhiteElo "1656"]
[BlackElo "1812"]
[Opening "Vienna: `Frankenstein-Dracula' variation"]
[ECO "C27"]
[NIC "VG.02"]
[Time "10:45:26"]
[TimeControl "120+12"]

1. e4 e5 2. Nc3 Nf6 3. Bc4 Nxe4 4. Qh5 Nd6 5. Bb3 Nc6 6. Nb5 g6 7. Qf3 f5 8.
Qd5 Qe7 9. Nxc7+ Kd8 10. Nxa8 b6 11. d3 Bb7 12. Nxb6 axb6 13. Qf3 Bg7 14.
Qg3 Re8 15. Bg5 Bf6 16. Bxf6 Qxf6 17. c3 e4 18. d4 f4 19. Qh3 e3 20. Nf3
exf2+ 21. Kxf2 Ne4+ 22. Kg1 g5 23. Re1 Na5 24. Ba4 Bc6 25. Bxc6 Nxc6 26. d5
Na5 27. Qxh7 Nd6 28. Rxe8+ Nxe8 29. Qg8 Nc4 30. b3 Ne5 31. Nxg5 f3 32. Ne4
Qf4 33. Qg5+ Qxg5 34. Nxg5 fxg2 35. Kxg2 Nf6 36. Rd1 Nfg4 37. Kg3 Ne3 38.
Re1 N5g4 39. h4 {Black resigns} 1-0

[Event "GambitGuide"]
[Site "Internet Chess Club"]
[Date "2014.10.31"]
[Round "1"]
[White "JSBach"]
[Black "fishhead"]
[Result "1-0"]
[ICCResult "Black resigns"]
[WhiteElo "1656"]
[BlackElo "1597"]
[Opening "Vienna: `Frankenstein-Dracula' variation"]
[ECO "C27"]
[NIC "VG.02"]
[Time "10:47:56"]
[TimeControl "120+12"]

1. e4 e5 2. Nc3 Nf6 3. Bc4 Nxe4 4. Qh5 Nd6 5. Bb3 Nc6 6. Nb5 g6 7. Qf3 f5 8.
Qd5 Qe7 9. Nxc7+ Kd8 10. Nxa8 b6 11. d3 Bb7 12. Nxb6 axb6 13. Qf3 e4 14.
dxe4 Nxe4 15. Be3 Kc7 16. Rd1 Ne5 17. Qf4 Qb4+ 18. c3 Qb5 19. Rd5 Bxd5 20.
Qxe5+ Bd6 21. Qxh8 Bxb3 22. axb3 Qxb3 23. Qxh7 Qxb2 24. Qxg6 Qxc3+ 25. Ke2
{Black resigns}
1-0

[Event "GambitGuide"]
[Site "Internet Chess Club"]
[Date "2014.10.31"]
[Round "1"]
[White "JSBach"]
[Black "ericsfriend"]
[Result "1-0"]
[ICCResult "Black resigns"]
[WhiteElo "1656"]
[BlackElo "1153"]
[Opening "Vienna: `Frankenstein-Dracula' variation"]
[ECO "C27"]
[NIC "VG.02"]
[Time "10:49:08"]
[TimeControl "120+12"]

1. e4 e5 2. Nc3 Nf6 3. Bc4 Nxe4 4. Qh5 Nd6 5. Bb3 Nc6 6. Nb5 g6 7. Qf3 f5 8.
Qd5 Qe7 9. Nxc7+ Kd8 10. Nxa8 b6 11. d3 Bb7 12. Nxb6 Na5 13. Qxa5 Bxg2 14.
Nd5+ {Black resigns} 1-0

[Event "GambitGuide"]
[Site "Internet Chess Club"]
[Date "2014.10.31"]
[Round "1"]
[White "JSBach"]
[Black "FatMaHa"]
[Result "1-0"]
[ICCResult "Black resigns"]
[WhiteElo "1656"]
[BlackElo "1833"]
[Opening "Vienna: `Frankenstein-Dracula' variation"]
[ECO "C27"]
[NIC "VG.02"]
[Time "10:49:03"]
[TimeControl "120+12"]

1. e4 e5 2. Nc3 Nf6 3. Bc4 Nxe4 4. Qh5 Nd6 5. Bb3 Nc6 6. Nb5 g6 7. Qf3 f5 8.
Qd5 Qe7 9. Nxc7+ Kd8 10. Nxa8 b6 11. d3 Qe6 12. Qxe6 dxe6 13. Bg5+ Be7 14.
Bh6 Re8 15. f4 exf4 16. Bxf4 g5 17. Ba4 Bd7 18. Bd2 Nd4 19. c3 Bxa4 20. cxd4
Kd7 21. b3 Bc6 22. Nxb6+ axb6 23. Kf2 Bf6 24. Ne2 Nb5 25. Bc1 Bxd4+ 26. Nxd4
Nxd4 27. Bxg5 e5 28. Be3 Nc2 29. Rag1 Nxe3 30. Kxe3 f4+ 31. Ke2 e4 32. dxe4
Bxe4 33. Rd1+ Ke6 34. Rhe1 Kf5 35. Kf2 Rc8 36. Re2 h5 37. Rde1 Bd3 38. Re5+
Kf6 39. Re6+ Kf5 40. Kf3 Rc5 41. a4 Bc2 42. Rxb6 Rc3+ 43. Kf2 Bxb3 44. a5
{Black resigns}
1-0

[Event "GambitGuide"]
[Site "Internet Chess Club"]
[Date "2014.10.31"]
[Round "1"]
[White "JSBach"]
[Black "GFranco"]
[Result "1-0"]
[ICCResult "Black resigns"]
[WhiteElo "1661"]
[BlackElo "1604"]
[Opening "Vienna: `Frankenstein-Dracula' variation"]
[ECO "C27"]
[NIC "VG.02"]
[Time "10:45:56"]
[TimeControl "120+12"]

1. e4 e5 2. Nc3 Nf6 3. Bc4 Nxe4 4. Qh5 Nd6 5. Bb3 Nc6 6. Nb5 g6 7. Qf3 f5 8.
Qd5 Qe7 9. Nxc7+ Kd8 10. Nxa8 b6 11. d3 Bb7 12. Nxb6 axb6 13. Qf3 Nd4 14.
Qh3 Bg7 15. Be3 f4 16. Bxd4 exd4+ 17. Kf1 Rf8 18. Qxh7 Nf5 19. Qxg6 Ne3+ 20.
fxe3 fxe3+ 21. Nf3 Bxf3 22. Qxb6+ Ke8 23. Qb8+ Qd8 24. Qxd8+ Kxd8 25. gxf3
Rxf3+ 26. Ke1 Be5 27. h4 Bg3+ 28. Kd1 Rf2 29. Bd5 Rd2+ 30. Kc1 Bf4 31. b3 e2
32. Kb2 {Black resigns} 1-0

[Event "GambitGuide"]
[Site "Internet Chess Club"]
[Date "2014.10.31"]
[Round "1"]
[White "JSBach"]
[Black "nsideurheadbro"]
[Result "1-0"]
[ICCResult "Black resigns"]
[WhiteElo "1661"]
[BlackElo "1184"]
[Opening "Vienna: `Frankenstein-Dracula' variation"]
[ECO "C27"]
[NIC "VG.02"]
[Time "10:48:52"]
[TimeControl "120+12"]

1. e4 e5 2. Nc3 Nf6 3. Bc4 Nxe4 4. Qh5 Nd6 5. Bb3 Nc6 6. Nb5 g6 7. Qf3 f5 8.
Qd5 Qe7 9. Nxc7+ Kd8 10. Nxa8 b6 11. d3 Bb7 12. Nxb6 axb6 13. Qf3 f4 14. Bd2
Bh6 15. Qh3 Nf5 16. Bd5 Qd6 17. c4 Ncd4 18. Rc1 Bxd5 19. cxd5 Qxd5 20. a4
Nb3 21. Rc2 Re8 22. Bb4 e4 23. d4 Qxd4 24. Qxb3 e3 25. f3 Bg7 26. Ne2
{Black resigns}
1-0

[Event "GambitGuide"]
[Site "Internet Chess Club"]
[Date "2014.10.31"]
[Round "1"]
[White "JSBach"]
[Black "FatMaHa"]
[Result "0-1"]
[ICCResult "White checkmated"]
[WhiteElo "1680"]
[BlackElo "1833"]
[Opening "Vienna: `Frankenstein-Dracula' variation"]
[ECO "C27"]
[NIC "VG.02"]
[Time "10:50:51"]
[TimeControl "120+12"]

1. e4 e5 2. Nc3 Nf6 3. Bc4 Nxe4 4. Qh5 Nd6 5. Bb3 Nc6 6. Nb5 g6 7. Qf3 f5 8.
Qd5 Qe7 9. Nxc7+ Kd8 10. Nxa8 b6 11. d3 Bg7 12. Nh3 h6 13. Ba4 Bb7 14. Nxb6
axb6 15. Qb3 b5 16. Be3 bxa4 17. Qxa4 f4 18. Bc5 Qe6 19. O-O Rf8 20. Rfe1 f3
21. Qa3 Qg4 22. g3 Qxh3 23. Bb6+ Kc8 24. Qa8+ Bxa8 25. c4 Qg2#
{White checkmated}
0-1

[Event "GambitGuide"]
[Site "Internet Chess Club"]
[Date "2014.10.31"]
[Round "1"]
[White "JSBach"]
[Black "FlameOak4464"]
[Result "1-0"]
[ICCResult "Black resigns"]
[WhiteElo "1680"]
[BlackElo "1854"]
[Opening "Vienna: `Frankenstein-Dracula' variation"]
[ECO "C27"]
[NIC "VG.02"]
[Time "10:51:56"]
[TimeControl "120+12"]

1. e4 e5 2. Nc3 Nf6 3. Bc4 Nxe4 4. Qh5 Nd6 5. Bb3 Nc6 6. Nb5 g6 7. Qf3 f5 8.
Qd5 Qe7 9. Nxc7+ Kd8 10. Nxa8 b6 11. d3 Bb7 12. Nxb6 axb6 13. Qf3 Nd4 14.
Qh3 f4 15. Ba4 {Black resigns} 1-0

[Event "GambitGuide"]
[Site "Internet Chess Club"]
[Date "2014.10.31"]
[Round "1"]
[White "JSBach"]
[Black "billysunday1"]
[Result "1-0"]
[ICCResult "Black resigns"]
[WhiteElo "1659"]
[BlackElo "1461"]
[Opening "Vienna: `Frankenstein-Dracula' variation"]
[ECO "C27"]
[NIC "VG.02"]
[Time "10:50:50"]
[TimeControl "120+12"]

1. e4 e5 2. Nc3 Nf6 3. Bc4 Nxe4 4. Qh5 Nd6 5. Bb3 Nc6 6. Nb5 g6 7. Qf3 f5 8.
Qd5 Qe7 9. Nxc7+ Kd8 10. Nxa8 b6 11. d3 Bb7 12. Nxb6 axb6 13. Qf3 Kc7 14.
Bd2 e4 15. Qe3 h5 16. Bd5 Bh6 17. f4 exf3 18. Qxe7 Nxe7 19. Bxf3 Bxd2+ 20.
Kxd2 Bxf3 21. Nxf3 Nc6 22. Rhe1 Re8 23. Rxe8 Nxe8 24. Re1 Nf6 25. Nh4
{Black resigns}
1-0

[Event "GambitGuide"]
[Site "Internet Chess Club"]
[Date "2014.10.31"]
[Round "1"]
[White "JSBach"]
[Black "leader1774"]
[Result "1-0"]
[ICCResult "Black resigns"]
[WhiteElo "1659"]
[BlackElo "1569"]
[Opening "Vienna: `Frankenstein-Dracula' variation"]
[ECO "C27"]
[NIC "VG.02"]
[Time "10:52:43"]
[TimeControl "120+12"]

1. e4 e5 2. Nc3 Nf6 3. Bc4 Nxe4 4. Qh5 Nd6 5. Bb3 Nc6 6. Nb5 g6 7. Qf3 f5 8.
Qd5 Qe7 9. Nxc7+ Kd8 10. Nxa8 b6 11. d3 Nd4 12. f4 Bb7 13. Qxe5 {Black
resigns} 1-0